 Dungeon Crawl Stone Soup version 0.18-a0-1772-gce6d5cf (webtiles) character file.

32 Eucla the Cudgeler (level 3, 0/60 HPs)
             Began as an Ogre Berserker on Apr 14, 2016.
             Was a Believer of Trog.
             Slain by an adder (3 damage)
             ... on level 2 of the Dungeon.
             The game lasted 00:01:00 (940 turns).

Eucla the Cudgeler (Ogre Berserker)                  Turns: 940, Time: 00:01:00

Health: 0/60       AC:  3    Str: 27    XL:     3   Next: 27%
Magic:  3/3        EV: 10    Int:  6    God:    Trog [**....]
Gold:   100        SH:  0    Dex: 10    Spells: 0 memorised, 2 levels left

rFire  . . .     SeeInvis .     a - +0 mace
rCold  . . .     Gourm    .     b - +0 animal skin
rNeg   . . .     Faith    .     (no shield)
rPois  .         Spirit   .     (helmet restricted)
rElec  .         Dismiss  .     (no cloak)
rCorr  .         Reflect  .     (gloves unavailable)
SustAt .         Harm     .     (boots unavailable)
MR     ++...                    (no amulet)
Stlth  ..........               (no ring)
                                (no ring)

@: berserking, lethally poisoned (0 -> 0), regenerating, very quick, very
resistant to hostile enchantments, extremely unstealthy
A: unfitting armour, tough skin 1
a: Berserk, Trog's Hand, Burn Spellbooks, Renounce Religion


You were on level 2 of the Dungeon.
You worshipped Trog.
Trog was pleased with you.
You were hungry.

You visited 1 branch of the dungeon, and saw 2 of its levels.

You collected 100 gold pieces.

Inventory:

Hand Weapons
 a - a +0 mace (weapon)
Armour
 b - a +0 animal skin (worn)
Scrolls
 g - a scroll of fear {unknown}
 h - 2 scrolls of identify {unknown}
 j - a scroll of noise {unknown}
 k - a scroll of remove curse {unknown}
 l - a scroll of random uselessness {unknown}
Potions
 d - 2 potions of degeneration {unknown}
 e - a potion of curing {unknown}
 i - 2 potions of agility {unknown}
Comestibles
 c - a bread ration
 f - a meat ration


   Skills:
 + Level 4.5 Fighting
 * Level 5.0 Maces & Flails
 + Level 2.9 Dodging


You had 2 spell levels left.
You didn't know any spells.

Dungeon Overview and Level Annotations

Branches:
Dungeon (2/15)

Altars:


Innate Abilities, Weirdness & Mutations

You are too large for most types of armour.
You have tough skin (AC +1).


Message History

* * * LOW HITPOINT WARNING * * *
The adder barely misses you.
Unknown command.
Your skin crawls.
You feel resistant to hostile enchantments.
You feel slightly more hungry.
You feel sick. The adder bites you.
* * * LOW HITPOINT WARNING * * *
You are more poisoned.
The adder poisons you!
Unknown command.
You barely miss the adder.
The adder is heavily wounded.
You feel sick. The adder barely misses you. The adder bites you.
* * * LOW HITPOINT WARNING * * *
Unknown command.
A red film seems to cover your vision as you go berserk!
You feel yourself moving faster!
You feel mighty!
You are feeling hungry.
You feel sick. The adder bites you.
You die...

...........................>#
..######+##################.#
..# ...... #...#.# ..#
......##### #...#.# ..#
..........# #...#)# ..#
#........# #...#.# ..#
#........##.+.....# ###
#.....S..##.#...### .#
#.....@..##.#...+ .##
#........##.#...# ..#
#........##.....##+## #.#
#...................### #.##
.#######.................
#..# #.# #.##..............
##.## #.# #...#'######......
##..####.# #......#.# #......
.........#
#.######.######......


You could see an adder.

Vanquished Creatures
  An ooze (D:1)
  A dart slug (D:1)
  2 giant cockroaches
  A hobgoblin (D:1)
  3 kobolds
  A quokka (D:2)
  6 bats
  2 giant newts
  4 goblins
  5 rats
26 creatures vanquished.

Notes
Turn   | Place    | Note
--------------------------------------------------------------
     0 | D:1      | Eucla the Ogre Berserker began the quest for the Orb.
     0 | D:1      | Reached XP level 1. HP: 24/24 MP: 1/1
   266 | D:1      | Reached XP level 2. HP: 32/32 MP: 2/2
   761 | D:2      | Reached XP level 3. HP: 34/40 MP: 3/3
   870 | D:2      | Reached ** piety under Trog
   875 | D:2      | Reached skill level 5 in Maces & Flails
   939 | D:2      | HP: 2/40 [adder (1)]
   940 | D:2      | Slain by an adder

Vault maps used:
D:1:      shiori_shiawase
D:2:      ecumenical_altar_2

Skill      XL: |  1  2  3 |
---------------+----------+-----
Maces & Flails | 5 |  5.0
Fighting       | |  4.5
Dodging        | |  2.9

Action                   || total
-------------------------++-------
Melee: Mace              ||    97
Invok: Berserk           ||     1
       Trog's Hand       ||     1
Armor: Animal skin       ||    37
Dodge: Dodged            ||    66
